 Dungeon Crawl Stone Soup version 0.30.1-11-g7821555f0a (webtiles) character file.

Game seed: 11148744495765140201

79 Ekaitz the Gusty (level 4, -1/25 HPs)
             Began as a Tengu Air Elementalist on Dec 20, 2023.
             Killed by their own static electricity (3 damage)
             ... on level 3 of the Dungeon.
             The game lasted 00:04:01 (2863 turns).

Ekaitz the Gusty (Tengu Air Elementalist)           Turns: 2863, Time: 00:04:01

Health: -1/25      AC:  3    Str:  8    XL:     4   Next: 37%
Magic:  6/8        EV: 12    Int: 17    God:
Gold:   81         SH:  0    Dex: 15    Spells: 1/7 levels left

rFire   . . .        g - +0 dagger
rCold   . . .        (no shield)
rNeg    . . .        a - +0 robe
rPois   .            (helmet restricted)
rElec   .            (no cloak)
rCorr   .            m - +0 pair of gloves
SInv    .            (boots unavailable)
Will    .....        (no amulet)
Stlth   ++           (no ring)
HPRegen 0.24/turn    (no ring)
MPRegen 0.11/turn

%: no passive effects
@: no status effects
A: beak, talons 3
a: no special abilities


You were on level 3 of the Dungeon.
You visited 1 branch of the dungeon, and saw 3 of its levels.

You collected 81 gold pieces.

Inventory:

Hand Weapons
 g - a +0 dagger (weapon)
Armour
 a - a +0 robe (worn)
 m - a +0 pair of gloves (worn)
Scrolls
 d - 2 scrolls of teleportation {unknown}
 e - 3 scrolls of silence {unknown}
 i - 5 scrolls of identify {unknown}
 l - a scroll of amnesia {unknown}
Potions
 b - a potion of magic
 c - a potion of cancellation {unknown}
 f - 2 potions of brilliance {unknown}
 h - a potion of attraction {unknown}
 j - a potion of heal wounds {unknown}
 k - a potion of mutation {unknown}
 n - 2 potions of flight {unknown}


   Skills:
 * Level 1.1 Fighting
 * Level 2.5 Dodging
 + Level 2.0 Stealth
 + Level 2.3 Spellcasting
 * Level 2.8 Conjurations
 * Level 5.2 Air Magic


You had one spell level left.
You knew the following spells:

 Your Spells              Type           Power      Damage    Failure   Level
a - Shock                 Conj/Air       60%        1d6       3%          1
b - Static Discharge      Conj/Air       30%        2-4/arc   5%          2
c - Swiftness             Air            19%        N/A       6%          3

Your spell library contained the following spells:

 Spells                   Type           Power      Damage    Failure   Level
 Airstrike                Air            9%         2d(2-18)  22%         4


Dungeon Overview and Level Annotations

Branches:
Dungeon (3/15)

Altars:


Innate Abilities, Weirdness & Mutations

You have a beak for a mouth.
You have claws for feet.


Message History

You miss something. You claw something.
You hear the slow rusting of a very distant drain.
Something hits you but does no damage.
An orc comes into view. It is wielding a +0 club.
Casting: Shock (safe; 3% risk of failure)
Confirm with . or Enter, or press ? or * to list all spells.
Aiming: Shock (safe; 3% risk of failure)
Press: ? - help, Shift-Dir - straight line The zap hits something.
The zap misses the orc.
The zap hits the orc.
The orc is severely wounded.
Something completely misses you.
Unknown command.
You closely miss something. Your kick misses something.
You hear some strange, mumbled words.
A magic dart appears from out of thin air!
The magic dart hits you!
* * * LOW HITPOINT WARNING * * *
An orc comes into view. It is wielding a +0 dagger.
Casting: Shock (safe; 3% risk of failure)
Confirm with . or Enter, or press ? or * to list all spells.
Aiming: Shock (safe; 3% risk of failure)
Press: ? - help, Shift-Dir - straight line The zap hits the orc.
You kill the orc!
The zap hits the orc.
The orc is severely wounded.
The zap hits the orc.
You kill the orc!
Something hits you but does no damage.
Your magical contamination has completely faded away.
Unknown command.
Magic courses through your body.
You hear some strange, mumbled words.
Something tries to affect you, but you resist.
Casting: Shock (safe; 3% risk of failure)
Confirm with . or Enter, or press ? or * to list all spells.
Something is struck by an arc of lightning.
Reactivating autopickup.
You feel a bit more experienced.
You are struck by an arc of lightning.
You die...

#.# #######.#
........#
........#
##########.#
#..........#
#.##########
#)##########.#
#
#..)))@......#
#
##############
# # #


There were no monsters in sight!

Vanquished Creatures
  An orc wizard (D:3)
  3 adders (D:2)
  A dart slug (D:1)
  4 orcs (D:3)
  6 ball pythons
  4 bats
  An endoplasm (D:2)
  2 giant cockroaches (D:1)
  7 hobgoblins
  4 kobolds
  A quokka (D:1)
  3 frilled lizards
  2 goblins (D:2)
  7 rats
46 creatures vanquished.

Notes
Turn   | Place    | Note
-------+----------+-------------------------------------------
     0 | D:1      | Ekaitz the Tengu Air Elementalist began the quest for the
                  | Orb.
     0 | D:1      | Reached XP level 1. HP: 10/10 MP: 4/4
   565 | D:1      | Reached XP level 2. HP: 16/16 MP: 3/6
   569 | D:1      | Learned a level 2 spell: Static Discharge
  1181 | D:1      | Reached XP level 3. HP: 20/20 MP: 4/7
  1185 | D:1      | Learned a level 3 spell: Swiftness
  1707 | D:2      | Reached skill level 1 in Fighting
  1899 | D:2      | Reached skill level 5 in Air Magic
  2112 | D:2      | Reached XP level 4. HP: 25/25 MP: 1/8
  2863 | D:3      | Killed from afar by themself

Illustrated notes

Levels and vault maps discovered:
D:1:      dpeg_arrival_castle, layout_basic
D:2:      layout_basic, kennysheep_minor_cross, minmay_heptomino_d4
D:3:      layout_basic, hellmonk_ecumenical_altar_leap_of_faith,
          cheibrodos_sewer_entry_drain

Skill      XL: |  1  2  3 |
---------------+----------+-----
Conjurations   | 2 |  2.8
Fighting       | 1 |  1.1
Air Magic      | 5 |  5.2
Dodging        | |  2.5
Stealth        | |  2.0
Spellcasting   | |  2.3

Action                     |  1- 3 |  4- 6 || total
---------------------------+-------+-------++-------
  Melee: Dagger            |     2 |     8 ||    10
         Peck              |     1 |     1 ||     2
         Kick              |       |     1 ||     1
   Cast: Shock             |    80 |    14 ||    94
         Static Discharge  |     1 |     1 ||     2
    Use: Potion            |       |     1 ||     1
 Armour: Robe              |     5 |     5 ||    10
  Dodge: Dodged            |    18 |     3 ||    21
